 Dungeon Crawl Stone Soup version 0.26-a0-660-gc07710193c (webtiles) character file.

Game seed: 214084279488928885

22120 MrRokkomies the Fighter (level 12, 0/100 HPs)
             Began as a Gnoll Wanderer on Oct 6, 2020.
             Was a High Priest of Okawaru.
             Succumbed to a cane toad's poison
             ... on level 3 of the Lair of Beasts.
             The game lasted 00:31:34 (17735 turns).

MrRokkomies the Fighter (Gnoll Wanderer)           Turns: 17735, Time: 00:31:35

Health: 0/100      AC: 20    Str: 17    XL:     12   Next: 97%
Magic:  30/32      EV: 12    Int: 16    God:    Okawaru [*****.]
Gold:   778        SH:  0    Dex: 16    Spells: 10/26 levels left

rFire    + . .     SeeInvis .   a - +2 trident (pain)
rCold    . . .     Faith    .   (no shield)
rNeg     + + .     Spirit   .   F - +0 chain mail
rPois    +         Reflect  .   T - +1 hat "Niolobb" {*Contam rC- MR+++ Regen+}
rElec    +         Harm     .   w - +0 cloak
rCorr    +         Rampage  .   r - +1 pair of gloves
MR       +++..                  (no boots)
Stlth    +.........             l - macabre finger necklace {rN+}
HPRegen  0.66/turn              L - +4 ring of protection
MPRegen  0.23/turn              q - ring of magical power
                                h - ring of positive energy

@: lethally poisoned (0 -> -19), resistant
A: distributed training, fangs 1, strong nose
a: Heroism, Finesse, Renounce Religion


You were on level 3 of the Lair of Beasts.
You worshipped Okawaru.
Okawaru was extremely pleased with you.
You visited 3 branches of the dungeon, and saw 14 of its levels.

You collected 778 gold pieces.

Inventory:

Hand Weapons
 a - a +2 trident of pain (weapon)
 b - a +1 shortbow of freezing
 d - a +0 vorpal hunting sling
 O - a +2 dagger of venom
Missiles
 e - 252 arrows
 j - 31 poisoned darts (quivered)
 m - 473 stones
 n - 86 sling bullets
 p - 25 boomerangs
 H - a curare-tipped dart
 N - 8 atropa-tipped darts
 Q - 3 silver javelins
Armour
 r - a +1 pair of gloves (worn)
 s - a +0 helmet
 w - a +0 cloak (worn)
 F - a +0 chain mail (worn)
 T - the +1 hat "Niolobb" (worn) {*Contam rC- MR+++ Regen+}
   (Okawaru gifted it to you on level 3 of the Lair of Beasts)

   It makes you vulnerable to cold.
   It affects your resistance to hostile enchantments.
   It causes magical contamination when unequipped.
   It increases your rate of regeneration.
Jewellery
 h - a ring of positive energy (on amulet)
 i - an uncursed ring of fire
 l - the macabre finger necklace (around neck) {rN+}
   (You took it off an orc wizard on level 10 of the Dungeon)

   [amulet of nothing]

   It protects you from negative energy.
 q - a ring of magical power (right hand)
 x - an uncursed amulet of magic regeneration
 A - an uncursed amulet of guardian spirit
 G - an uncursed ring of see invisible
 L - a +4 ring of protection (left hand)
 R - an uncursed ring of fire
Wands
 u - a wand of iceblast (7)
 I - a wand of disintegration (12)
 J - a wand of random effects (44)
 K - a wand of flame (16)
 M - a wand of acid (9)
 P - a wand of enslavement (26)
Scrolls
 c - a scroll of enchant weapon
 f - 5 scrolls of teleportation
 t - 9 scrolls of identify
 y - 4 scrolls of enchant armour
 z - 2 scrolls of blinking
 D - a scroll of amnesia
 E - 3 scrolls of remove curse
Potions
 g - 2 potions of haste
 k - 2 potions of flight
 o - 3 potions of brilliance
 v - 3 potions of mutation
 B - 3 potions of lignification
 C - 2 potions of might


   Skills:
 + Level 11.3 Fighting
 + Level 7.8 Short Blades
 + Level 7.8 Long Blades
 + Level 8.2 Axes
 + Level 7.8 Maces & Flails
 + Level 7.8 Polearms
 + Level 7.8 Staves
 + Level 7.8 Slings
 + Level 7.8 Bows
 + Level 7.8 Crossbows
 + Level 8.2 Throwing
 + Level 9.1 Armour
 + Level 8.2 Dodging
 + Level 8.2 Stealth
 + Level 7.8 Shields
 + Level 7.8 Unarmed Combat
 + Level 7.8 Spellcasting
 + Level 6.4 Conjurations
 + Level 6.4 Hexes
 + Level 6.4 Summonings
 + Level 6.4 Necromancy
 + Level 6.4 Translocations
 + Level 6.4 Transmutations
 + Level 6.4 Fire Magic
 + Level 6.4 Ice Magic
 + Level 6.4 Air Magic
 + Level 6.4 Earth Magic
 + Level 6.4 Poison Magic
 + Level 8.5 Invocations
 + Level 7.8 Evocations


You had 10 spell levels left.
You knew the following spells:

 Your Spells              Type           Power        Failure   Level
a - Confusing Touch       Hex            ####....     24%         3
b - Gell's Gravitas       Tloc           ####......   24%         3
c - Call Imp              Summ           ####....     12%         2
d - Mephitic Cloud        Conj/Pois/Air  ####....     24%         3
e - Lee's Rapid Deconstr  Erth           ####......   92%         5

Your spell library contained the following spells:

 Spells                   Type           Power        Failure   Level
 Animate Skeleton         Necr           ####..       9%          1
 Apportation              Tloc           ####..       9%          1
 Corona                   Hex            ####...      9%          1
 Magic Dart               Conj           ####         9%          1
 Sandblast                Erth           ####..       9%          1
 Summon Small Mammal      Summ           ####         9%          1
 Blink                    Tloc           N/A          12%         2
 Ensorcelled Hibernation  Hex/Ice        ####..       12%         2
 Passwall                 Tmut/Erth      ####....     12%         2
 Slow                     Hex            ####....     12%         2
 Conjure Flame            Conj/Fire      ####....     24%         3
 Dazzling Flash           Conj/Hex       ####..       24%         3
 Lesser Beckoning         Tloc           ####......   24%         3
 Stone Arrow              Conj/Erth      ####..       24%         3
 Tukima's Dance           Hex            ####....     24%         3
 Petrify                  Tmut/Erth      ####....     63%         4
 Alistair's Intoxication  Tmut/Pois      ####.....    92%         5
 Irradiate                Conj/Tmut      ####......   92%         5
 Metabolic Englaciation   Hex/Ice        ####......   92%         5
 Yara's Violent Unravell  Hex/Tmut       ####......   92%         5
 Hydra Form               Tmut           ####......   100%        6
 Invisibility             Hex            ####....     100%        6
 Statue Form              Tmut/Erth      ####.....    100%        6
 Dragon Form              Tmut           ####......   100%        7


Dungeon Overview and Level Annotations

Branches:
Dungeon (10/15)            Temple (1/1) D:4            Lair (3/6) D:10
  Swamp (0/4) Lair:2          Orc (0/2) D:10
  Snake: Lair:2-4    Spider: Lair:2-4

Altars:
Ashenzari
Cheibriados
Dithmenos
Elyvilon
Fedhas
Hepliaklqana
Kikubaaqudgha
Makhleb
Nemelex Xobeh
Okawaru
Qazlal
Ru
Sif Muna
Trog
Uskayaw
Vehumet
Wu Jian
Xom
Yredelemnul
Zin
The Shining One

Annotations:
D:4 2 transporters, lilly's ghost, amateur MiMo
D:5 1 runed translucent door, brujo666's ghost, weakling OpDe
D:7 2 transporters, qipq's ghost, weakling FeDe
Lair:2 exclusion: oklob plant


Innate Abilities, Weirdness & Mutations

Your experience applies equally to all skills.
You have very sharp teeth.
Your uncanny sense of smell can sniff out nearby items.


Message History

Found 11 gold pieces.
You feel sick.
Your crimson imp barely misses the cane toad.
You feel sick.
You feel sick.
Found a plate armour.
You feel sick. The cane toad stings you.
* * * LOW HITPOINT WARNING * * *
You are lethally poisoned!
The cane toad poisons you!
* * * LOW HITPOINT WARNING * * *
You feel very sick.
It was a potion of resistance.
You feel protected.
* * * LOW HITPOINT WARNING * * *
You feel very sick. The cane toad closely misses you.
Your crimson imp hits the cane toad.
Press: ? - help, Dir - move target cursor
As you read the scroll of blinking, it crumbles to dust.
You die...

.... .......^............
.....≈P
P..............§.......
.....≈≈
P.P..........F........
.##≈≈≈7
7≈≈..........5........
#...≈77
≈P............#..####
...P≈≈7
77≈P...$.#.....####
...P≈≈7777≈≈...###.....##
....P≈≈≈≈P≈≈.####.#.....#
...#P≈P≈P≈P.....@......##
...#...†....#...###....#
....#..PP≈.##...P##....#
...#.......#....###....#
..##......P##...# #......
.+##........#+P.# ......
..†.............. ....
######P...######## #
######


You could see a cane toad and a friendly crimson imp (summoned).

Vanquished Creatures
  3 hydras
  A tengu warrior (D:9)
  A two-headed ogre (D:9)
  An unseen horror (D:10)
  Pikel (D:7)
  4 elephants
  Joseph (D:8)
  2 black mambas
  4 cane toads
  A rime drake (Lair:1)
  4 komodo dragons
  A tengu conjurer (D:9)
  A troll (D:9)
  A hornet (D:8)
  Prince Ribbit (D:7)
  A slime creature (Lair:2)
  Eustachio (D:4)
  24 yaks
  2 wyverns
  A basilisk (Lair:1)
  8 vampire mosquitoes (Lair:2)
  A steam dragon (D:8)
  3 water moccasins (Lair:3)
  A swamp drake (D:10)
  2 ice beasts
  7 orc warriors
  A black bear (D:8)
  2 sky beasts
  2 ogres
  14 wolves
  5 centaurs
  3 lemures (D:7)
  12 bullfrogs
  A big kobold (D:10)
  12 jellies
  A scorpion (D:8)
  4 killer bees (D:10)
  13 wights
  4 howler monkeys
  A bullfrog zombie (D:5)
  A quasit (D:8)
  4 hounds
  A centaur skeleton (D:4)
  6 orc priests
  20 orc wizards
  Terence (D:2)
  2 iguanas
  4 worker ants
  5 hell rats (Lair:3)
  A hound skeleton (D:9)
  A worker ant zombie (D:10)
  Robin (D:3)
  3 gnolls (D:4)
  A howler monkey skeleton (D:5)
  15 adders
  3 shadow imps
  14 oozes
  An adder zombie (D:6)
  3 worms (D:3)
  3 dart slugs (D:2)
  7 leopard geckos
  57 orcs
  2 ball pythons
  3 bats
  7 giant cockroaches
  17 goblins
  10 hobgoblins
  9 jackals
  5 quokkas
  5 frilled lizards
  A giant cockroach zombie (D:5)
  14 kobolds
  2 leopard gecko skeletons
  2 quokka skeletons
  6 rats
390 creatures vanquished.

Vanquished Creatures (others)
  A bullfrog (Lair:2)
  A killer bee (D:10)
  An orc (D:10)
  A bush (Lair:2)
  13 fungi
  35 plants
52 creatures vanquished.

Grand Total: 442 creatures vanquished

Notes
Turn   | Place    | Note
-------+----------+-------------------------------------------
     0 | D:1      | MrRokkomies the Gnoll Wanderer began the quest for the Orb.
     0 | D:1      | MrRokkomies set off with the following items: a +2 dagger,
                  | 3 curare-tipped darts, a +0 ring mail, a potion of curing
     0 | D:1      | Reached XP level 1. HP: 26/26 MP: 1/1
    93 | D:1      | Reached XP level 2. HP: 28/33 MP: 2/2
   335 | D:1      | Reached XP level 3. HP: 35/38 MP: 3/3
   622 | D:2      | Noticed Terence
   651 | D:2      | Killed Terence
   651 | D:2      | Reached skill level 1 in Short Blades
   651 | D:2      | Reached skill level 1 in Long Blades
   651 | D:2      | Reached skill level 1 in Maces & Flails
   651 | D:2      | Reached skill level 1 in Polearms
   651 | D:2      | Reached skill level 1 in Staves
   651 | D:2      | Reached skill level 1 in Slings
   651 | D:2      | Reached skill level 1 in Bows
   651 | D:2      | Reached skill level 1 in Crossbows
   651 | D:2      | Reached skill level 1 in Shields
   651 | D:2      | Reached skill level 1 in Unarmed Combat
   651 | D:2      | Reached skill level 1 in Spellcasting
   651 | D:2      | Reached skill level 1 in Invocations
   651 | D:2      | Reached skill level 1 in Evocations
   766 | D:2      | Found a shimmering altar of Xom.
   817 | D:2      | Reached XP level 4. HP: 43/45 MP: 5/5
   891 | D:2      | Found a blossoming altar of Fedhas.
  1474 | D:3      | Reached skill level 1 in Conjurations
  1474 | D:3      | Reached skill level 1 in Hexes
  1474 | D:3      | Reached skill level 1 in Summonings
  1474 | D:3      | Reached skill level 1 in Necromancy
  1474 | D:3      | Reached skill level 1 in Translocations
  1474 | D:3      | Reached skill level 1 in Transmutations
  1474 | D:3      | Reached skill level 1 in Fire Magic
  1474 | D:3      | Reached skill level 1 in Ice Magic
  1474 | D:3      | Reached skill level 1 in Air Magic
  1474 | D:3      | Reached skill level 1 in Earth Magic
  1474 | D:3      | Reached skill level 1 in Poison Magic
  1733 | D:3      | Noticed Robin
  1756 | D:3      | Reached XP level 5. HP: 47/51 MP: 6/6
  1781 | D:3      | Killed Robin
  2352 | D:3      | Reached XP level 6. HP: 37/57 MP: 8/8
  2789 | D:3      | Found a sacrificial altar of Ru.
  3052 | D:3      | Learned a level 3 spell: Confusing Touch
  3056 | D:3      | Learned a level 3 spell: Gell's Gravitas
  3057 | D:4      | Noticed Eustachio
  3076 | D:4      | Killed Eustachio
  3076 | D:4      | Reached skill level 5 in Armour
  3219 | D:4      | Reached XP level 7. HP: 63/63 MP: 10/10
  3287 | D:4      | Found a staircase to the Ecumenical Temple.
  3299 | Temple   | Entered the Ecumenical Temple
  3388 | Temple   | Became a worshipper of Warmaster Okawaru
  3919 | D:4      | Found a transporter.
  3920 | D:4      | Noticed lilly's ghost (amateur MiMo)
  3923 | D:4      | Identified the +6 dire flail of Crusades {vorpal, *Contam
                  | Fragile rC+++ Str+5}
  3928 | D:4      | Found a transporter.
  4048 | D:5      | Entered Level 5 of the Dungeon
  4127 | D:4      | Reached skill level 9 in Fighting
  5110 | D:5      | Reached * piety under Okawaru
  5110 | D:5      | Reached XP level 8. HP: 9/71 MP: 12/12
  6183 | D:5      | Found a runed translucent door.
  6184 | D:5      | Noticed brujo666's ghost (weakling OpDe)
  7306 | D:7      | Noticed Prince Ribbit
  7320 | D:7      | Killed Prince Ribbit
  7523 | D:7      | Noticed Pikel
  7630 | D:7      | Killed Pikel
  7630 | D:7      | Reached ** piety under Okawaru
  7630 | D:7      | Reached XP level 9. HP: 59/77 MP: 15/15
  7719 | D:7      | Found a transporter.
  7753 | D:7      | Found a transporter.
  7755 | D:7      | Noticed qipq's ghost (weakling FeDe)
  7757 | D:7      | Noticed a hornet
  8029 | D:8      | Reached skill level 5 in Axes
  8029 | D:8      | Reached skill level 5 in Throwing
  8029 | D:8      | Reached skill level 5 in Dodging
  8130 | D:8      | Noticed a hornet
  8139 | D:8      | Paralysed by a hornet for 3 turns
  8160 | D:8      | Reached skill level 5 in Stealth
  8506 | D:8      | Reached skill level 5 in Invocations
  9060 | D:8      | Paralysed by a hornet for 2 turns
  9065 | D:8      | Killed a hornet
  9065 | D:8      | Reached XP level 10. HP: 48/85 MP: 17/17
  9339 | D:8      | Reached *** piety under Okawaru
  9425 | D:8      | Noticed Joseph
  9461 | D:8      | Killed Joseph
  9461 | D:8      | Reached skill level 5 in Short Blades
  9461 | D:8      | Reached skill level 5 in Long Blades
  9461 | D:8      | Reached skill level 5 in Maces & Flails
  9461 | D:8      | Reached skill level 5 in Polearms
  9461 | D:8      | Reached skill level 5 in Staves
  9461 | D:8      | Reached skill level 5 in Slings
  9461 | D:8      | Reached skill level 5 in Bows
  9461 | D:8      | Reached skill level 5 in Crossbows
  9461 | D:8      | Reached skill level 5 in Shields
  9461 | D:8      | Reached skill level 5 in Unarmed Combat
  9461 | D:8      | Reached skill level 5 in Spellcasting
  9461 | D:8      | Reached skill level 5 in Evocations
 10139 | D:9      | Reached skill level 10 in Fighting
 10680 | D:9      | Noticed a tengu warrior
 10711 | D:9      | Killed a tengu warrior
 10718 | D:9      | Reached **** piety under Okawaru
 10952 | D:9      | Noticed a two-headed ogre
 10970 | D:9      | Killed a two-headed ogre
 11371 | D:10     | Entered Level 10 of the Dungeon
 11415 | D:10     | Found a glowing silver altar of Zin.
 11439 | D:10     | Reached XP level 11. HP: 79/91 MP: 19/19
 11440 | D:10     | Reached ***** piety under Okawaru
 11547 | D:10     | Learned a level 2 spell: Call Imp
 11551 | D:10     | Learned a level 3 spell: Mephitic Cloud
 11557 | D:10     | Learned a level 5 spell: Lee's Rapid Deconstruction
 11674 | D:10     | Received a gift from Okawaru
 11888 | D:10     | Found a staircase to the Lair.
 12101 | D:10     | Noticed an unseen horror
 12115 | D:10     | Killed an unseen horror
 12115 | D:10     | Reached skill level 5 in Conjurations
 12115 | D:10     | Reached skill level 5 in Hexes
 12115 | D:10     | Reached skill level 5 in Summonings
 12115 | D:10     | Reached skill level 5 in Necromancy
 12115 | D:10     | Reached skill level 5 in Translocations
 12115 | D:10     | Reached skill level 5 in Transmutations
 12115 | D:10     | Reached skill level 5 in Fire Magic
 12115 | D:10     | Reached skill level 5 in Ice Magic
 12115 | D:10     | Reached skill level 5 in Air Magic
 12115 | D:10     | Reached skill level 5 in Earth Magic
 12115 | D:10     | Reached skill level 5 in Poison Magic
 12850 | D:10     | Received a gift from Okawaru
 12964 | D:10     | Found a staircase to the Orcish Mines.
 13036 | Lair:1   | Entered Level 1 of the Lair of Beasts
 13074 | Lair:1   | Found a shadowy altar of Dithmenos.
 13617 | Lair:1   | Received a gift from Okawaru
 14663 | Lair:1   | Received a gift from Okawaru
 14675 | Lair:1   | Reached XP level 12. HP: 39/99 MP: 11/22
 15339 | Lair:2   | Received a gift from Okawaru
 15346 | Lair:2   | Reached skill level 11 in Fighting
 15617 | Lair:2   | Noticed a six-headed hydra
 15624 | Lair:2   | Killed a six-headed hydra
 16158 | Lair:2   | Found a staircase to the Swamp.
 17464 | Lair:3   | Noticed a six-headed hydra
 17464 | Lair:3   | Noticed an eight-headed hydra
 17467 | Lair:3   | Killed an eight-headed hydra
 17467 | Lair:3   | Received a gift from Okawaru
 17469 | Lair:3   | Killed a six-headed hydra
 17473 | Lair:3   | Got a heavily runed hat {god gift}
 17513 | Lair:3   | Identified the +1 hat "Niolobb" {*Contam rC- MR+++ Regen+}
                  | (Okawaru gifted it to you on level 3 of the Lair of Beasts)
 17733 | Lair:3   | HP: 5/100 [poisoned by a cane toad]
 17734 | Lair:3   | HP: 2/100 [poisoned by a cane toad]
 17735 | Lair:3   | Succumbed to a cane toad's poison

Illustrated notes

Levels and vault maps discovered:
D:1:      evilmike_arrival_crescent, layout_rooms
D:2:      layout_loops_ring, xom_teletrap_fun, grunt_decor_cap,
          fedhas_ov_isle_minmay, uniq_terence
D:3:      layout_basic, nicolae_ru_the_path_less_chosen, uniq_robin
D:4:      layout_cave_pools, temple_green, gammafunk_ghost_smash, uniq_eustachio
D:5:      layout_cave_pods, ebering_ghost_reflecting_pool, dk_vineyard_3
D:6:      layout_basic, hex_intersection
D:7:      layout_basic, gammafunk_ghost_hive, uniq_prince_ribbit1, uniq_pikel
D:8:      layout_gridville, uniq_joseph
D:9:      layout_roguey
D:10:     layout_loops_ring, dpeg_oklobed_lair, erik_orc_1, basic_altar,
          chequers_serial_rivers_marsh, nicolae_twisting_strands
Temple:   regret_index_temple_sigil_plot
Lair:1:   layout_regular_city, basic_altar, grunt_megastairs_3
Lair:2:   lemuel_slime, layout_misc_corridors, minmay_swamp_entry_swarm,
          wad_woods_06, lemuel_old_faithful, minmay_lair_oklob_chamber
Lair:3:   layout_regular_city, serial_bayou_pond_c

Skill      XL: |  1  2  3  4  5  6  7  8  9 10 11 12 |
---------------+-------------------------------------+-----
Short Blades   | 1 2 4 5 6 7 |  7.8
Long Blades    | 1 2 4 5 6 7 |  7.8
Maces & Flails | 1 2 4 5 6 7 |  7.8
Polearms       | 1 2 4 5 6 7 |  7.8
Staves         | 1 2 4 5 6 7 |  7.8
Slings         | 1 2 4 5 6 7 |  7.8
Bows           | 1 2 4 5 6 7 |  7.8
Crossbows      | 1 2 4 5 6 7 |  7.8
Shields        | 1 2 4 5 6 7 |  7.8
Unarmed Combat | 1 2 4 5 6 7 |  7.8
Spellcasting   | 1 2 4 5 6 7 |  7.8
Invocations    | 1 2 3 4 5 6 7 8 |  8.5
Evocations     | 1 2 4 5 6 7 |  7.8
Conjurations   | 1 2 3 4 5 6 |  6.4
Hexes          | 1 2 3 4 5 6 |  6.4
Summonings     | 1 2 3 4 5 6 |  6.4
Necromancy     | 1 2 3 4 5 6 |  6.4
Translocations | 1 2 3 4 5 6 |  6.4
Transmutations | 1 2 3 4 5 6 |  6.4
Fire Magic     | 1 2 3 4 5 6 |  6.4
Ice Magic      | 1 2 3 4 5 6 |  6.4
Air Magic      | 1 2 3 4 5 6 |  6.4
Earth Magic    | 1 2 3 4 5 6 |  6.4
Poison Magic   | 1 2 3 4 5 6 |  6.4
Axes           | 3 4 5 6 7 8 |  8.2
Throwing       | 3 4 5 6 7 8 |  8.2
Dodging        | 3 4 5 6 7 8 |  8.2
Stealth        | 3 4 5 6 7 8 |  8.2
Armour         | 5 6 7 8 9 |  9.1
Fighting       | 9 10 11 | 11.3

Action                   |  1- 3 |  4- 6 |  7- 9 | 10-12 || total
-------------------------+-------+-------+-------+-------++-------
Melee: Dagger            |   106 |   219 |   209 |    86 ||   620
       Bite              |     7 |    25 |    29 |   128 ||   189
       Punch             |       |     4 |     4 |    29 ||    37
       Glaive            |       |       |       |   115 ||   115
       Trident           |       |       |       |   712 ||   712
 Fire: Shortbow          |       |       |   273 |   127 ||   400
Throw: Dart              |     1 |    41 |    51 |    19 ||   112
 Cast: Confusing Touch   |       |       |     1 |       ||     1
       Call Imp          |       |       |       |    10 ||    10
Invok: Heroism           |       |       |       |     8 ||     8
       Finesse           |       |       |       |     5 ||     5
Evoke: Wand              |       |       |     1 |    13 ||    14
  Use: Scroll            |     1 |     1 |    16 |     3 ||    21
       Potion            |       |       |     4 |     5 ||     9
 Stab: Sleeping          |       |     4 |     2 |       ||     6
       Invisible         |       |       |       |     4 ||     4
Armor: Ring mail         |    41 |    92 |   211 |       ||   344
       Chain mail        |       |       |       |   525 ||   525
Dodge: Dodged            |    65 |   164 |   306 |   547 ||  1082

Table legend: (Time is in decaauts)
 A = Elapsed time spent in this place.
 B = Non-inter-level travel time spent in this place.
 C = Inter-level travel time spent in this place.
 D = Time resting spent in this place.
 E = Time spent auto-exploring this place.
 F = Levels seen in this place.
 G = Mean time per level.
                   A        B        C        D        E       F      G
               +--------+--------+--------+--------+--------+-----+--------+
         Total |  17601 |  17147 |    454 |   1159 |  12732 |  14 | 1257.2 |
       Dungeon |  12901 |  12527 |    374 |   1077 |   9012 |  10 | 1290.1 |
        Temple |    103 |     81 |     22 |      0 |     77 |   1 |  103.0 |
          Lair |   4597 |   4539 |     58 |     82 |   3643 |   3 | 1532.3 |
               +--------+--------+--------+--------+--------+-----+--------+

Top non-repeatable levels by time:
  Lair:2: 2245 daAuts
     D:8: 2152 daAuts
  Lair:1: 1841 daAuts
     D:4: 1820 daAuts
    D:10: 1696 daAuts
     D:5: 1525 daAuts
     D:3: 1456 daAuts
     D:9: 1242 daAuts
     D:2: 884 daAuts
     D:7: 839 daAuts
     D:6: 698 daAuts
     D:1: 584 daAuts
  Lair:3: 510 daAuts
  Temple: 103 daAuts
